 Dungeon Crawl Stone Soup version 0.28-a0-10-g964c8b829e (webtiles) character file.

Game seed: 14984545322149851843

13143 MacCMillion the Frost Mage (level 12, -5/69 HPs)
             Began as a Gargoyle Ice Elementalist on July 25, 2021.
             Was an Elder of Vehumet.
             Killed from afar by a hell hog (23 damage)
             ... with a fireball
             ... in a volcano.
             The game lasted 01:37:18 (15603 turns).

MacCMillion the Frost Mage (GrIE)                  Turns: 15603, Time: 01:37:18

Health: -5/69      AC: 18    Str: 12    XL:     12   Next: 2%
Magic:  15/19      EV: 12    Int: 21    God:    Vehumet [****..]
Gold:   676        SH:  0    Dex: 16    Spells: 5/21 levels left

rFire   . . .      SeeInvis .   s - +2 dagger (venom)
rCold   . . .      Faith    .   (no shield)
rNeg    + . .      Spirit   .   O - +2 leather armour {rPois}
rPois   ∞          Reflect  .   (no helmet)
rElec   +          Harm     .   h - +0 cloak
rCorr   .          Rampage  .   (no gloves)
Will    +....                   f - +1 pair of boots
Stlth   ++........              E - amulet of the acrobat
HPRegen 0.21/turn               g - +6 ring of dexterity
MPRegen 0.16/turn               W - ring of willpower

@: about to teleport, freezing walls
A: sickness immunity, AC +8, negative energy resistance 1, electricity
resistance, torment resistance 1, petrification resistance
a: Renounce Religion


You were in a volcano.
You worshipped Vehumet.
Vehumet was greatly pleased with you.
You visited 2 branches of the dungeon, and saw 11 of its levels.
You also visited: Bailey and Volcano.

You collected 676 gold pieces.

Inventory:

Hand Weapons
 m - a +0 whip of venom
 s - a +2 dagger of venom (weapon)
 v - a +0 dagger of speed
 J - a +0 short sword of draining
 U - a +2 whip of holy wrath
 V - a +0 war axe of freezing
Missiles
 o - 17 arrows
 r - 84 stones
 G - a curare-tipped dart
 H - 4 throwing nets
 K - 75 boomerangs
 P - 4 poisoned darts
Armour
 f - a +1 pair of boots (worn)
 h - a +0 cloak (worn)
 k - a +0 troll leather armour
 O - a +2 leather armour of poison resistance (worn)
 S - a +2 chain mail of fire resistance
Jewellery
 a - a ring of see invisible
 b - a ring of flight
 g - a +6 ring of dexterity (left hand)
 i - a ring of wizardry
 E - an amulet of the acrobat (around neck)
 W - a ring of willpower (right hand)
Wands
 j - a wand of flame (20)
 R - a wand of digging (8)
 T - a wand of polymorph (9)
Scrolls
 c - a scroll of fog
 n - a scroll of noise
 p - 3 scrolls of torment {unknown}
 q - a scroll of magic mapping
 u - 2 scrolls of amnesia
 x - 3 scrolls of teleportation
 y - a scroll of blinking {unknown}
 z - a scroll of enchant weapon {unknown}
 B - 5 scrolls of identify
 I - 2 scrolls of vulnerability {unknown}
 N - 2 scrolls of immolation {unknown}
Potions
 d - 4 potions of might
 e - a potion of curing
 l - a potion of attraction {unknown}
 t - 2 potions of lignification {unknown}
 w - a potion of flight
 A - a potion of heal wounds {unknown}
 C - a potion of degeneration {unknown}
 D - a potion of berserk rage {unknown}
 F - 2 potions of haste {unknown}
 Q - a potion of mutation {unknown}
Miscellaneous
 L - a tin of tremorstones (2/2)
 M - a piece from Xom's chessboard (15/15)


   Skills:
 - Level 5.7 Fighting
 - Level 5.4 Armour
 - Level 2.2 Dodging
 - Level 2.2 Stealth
 - Level 5.0 Spellcasting
 + Level 10.3 Conjurations
 - Level 5.0 Hexes
 + Level 11.6 Ice Magic
 - Level 5.0 Evocations


You had 5 spell levels left.
You knew the following spells:

 Your Spells              Type           Power      Damage    Failure   Level
a - Freeze                Ice            100%       1d11      1%          1
b - Frozen Ramparts       Ice            100%       1d12      1%          3
c - Searing Ray           Conj           96%        3d7       1%          2
d - Ensorcelled Hibernat  Hex/Ice        80%        N/A       1%          2
e - Fulminant Prism       Conj/Hex       18%        3d11      1%          4
f - Hailstorm             Conj/Ice       51%        3d11      1%          4

Your spell library contained the following spells:

 Spells                   Type           Power      Damage    Failure   Level
 Mephitic Cloud           Conj/Pois/Air  19%        N/A       2%          3
 Corona                   Hex            28%        N/A       1%          1
 Magic Dart               Conj           100%       1d8       1%          1
 Ozocubu's Armour         Ice            52%        N/A       1%          3
 Tukima's Dance           Hex            26%        N/A       5%          3
 Beastly Appendage        Tmut           10%        N/A       14%         1
 Pain                     Necr           20%        1d5       14%         1
 Wereblood                Tmut           5%         N/A       21%         2
 Spider Form              Tmut/Pois      2%         N/A       38%         3
 Agony                    Necr           5%         N/A       98%         5
 Alistair's Intoxication  Tmut/Pois      3%         N/A       98%         5
 Borgnjor's Vile Clutch   Necr/Erth      2%         N/A       98%         5
 Excruciating Wounds      Necr           2%         N/A       98%         5
 Eringya's Noxious Bog    Tmut/Pois      2%         N/A       99%         6


Dungeon Overview and Level Annotations

Branches:
Dungeon (9/15)             Temple (0/1) D:5            Lair (2/6) D:9
    Orc (0/2) D:9          Bailey (visited)         Volcano (1/1)
  Swamp: Lair:2-4    Shoals: Lair:2-4     Snake: Lair:2-4    Spider: Lair:2-4

Altars:
Ashenzari
Elyvilon
Fedhas
Gozag
Hepliaklqana
Vehumet
Yredelemnul
The Shining One

Shops:
D:3 (

Annotations:
D:5 Grinder, Maggie Volcano exclusion: obsidian statue


Innate Abilities, Weirdness & Mutations

You are immune to sickness and miasma.
Your stone body is resilient. (AC +8)
You are immune to poison.
You resist negative energy. (rN+)
You are resistant to electric shocks. (rElec)
You are resistant to unholy torment.
You are immune to petrification.


Message History

Okay, then.
Press: ? - help, . - travel You can't see that place. [a stone wall.]
Casting: Freeze (safe; 1% risk of failure)
Confirm with . or Enter, or press ? or * to list all spells.
You don't know that spell.
Unknown command.
Casting: Freeze (safe; 1% risk of failure)
Confirm with . or Enter, or press ? or * to list all spells.
Casting: Frozen Ramparts (safe; 1% risk of failure)
Press: ? - help, Dir - look around, f - activate The walls around you are covered in ice.
The wall freezes the hell hog!
The wall freezes the hell hog.
Okay, then.
You are too injured to fight recklessly!
Aiming: Freeze (safe; 1% risk of failure)
Press: ? - help, Q - select action, (/) - cycle Shift-Dir - straight line, f - hell hog
Aim: a hell hog (moderately wounded)
You freeze the hell hog.
The hell hog is moderately wounded.
The wall freezes the hell hog.
The hell hog breathes fire at you.
The fireball explodes!
The fireball engulfs you!!
* * * LOW HITPOINT WARNING * * *
The fireball engulfs the hell hog!
The hell hog resists.
Unknown command.
You feel better.
The wall freezes the hell hog.
The hell hog barely misses you.
Unknown command.
As you read the scroll labelled DEUQEURPHATT, it crumbles to dust.
You feel strangely unstable.
It was a scroll of teleportation.
The air gets thick with the scent of sulphur.
The wall freezes the hell hog.
The hell hog bites you!
* * * LOW HITPOINT WARNING * * *
The wall freezes the hell hog!
The hell hog bites you but does no damage.
You feel better.
The wall freezes the hell hog.
The hell hog breathes fire at you.
The fireball explodes!
The fireball engulfs you!!
You die...

#########
#∩##.##∩#
#.#._.#.#
#.#...#.# ##
#.#...#.# #.###
#.......# ....###
#.......#
.....8####.......#
.......†÷......h@#
.§...8#######'####
≈§..### #.# ≈§...#
.h. §§≈..## [...[
§≈≈...### $..§..$
≈≈≈≈....##$.≈§≈.$#
≈≈§≈≈...##$..8..$#
§≈.≈...###########


You could see a hell hog (catching breath).

Vanquished Creatures
  2 hydras (Lair:1)
  A fire crab (Volcano)
  An orc knight (Bailey)
  Pikel (D:4)
  2 cane toads (Lair:1)
  2 komodo dragons (Lair:1)
  2 trolls
  Prince Ribbit (D:6)
  Sigmund (D:6)
  A basilisk (Lair:1)
  17 yaks
  Eustachio (D:5)
  8 fire bats (Volcano)
  2 steam dragons (Volcano)
  Duvessa (D:6)
  3 water moccasins
  7 orc warriors
  2 sky beasts (D:8)
  3 black bears
  A necrophage (D:6)
  An ogre (D:4)
  2 lemures
  3 centaurs
  A phantom (D:5)
  4 kobold brigands
  7 bullfrogs
  A gnoll sergeant (D:7)
  2 scorpions (D:4)
  A wyvern zombie (D:7)
  Dowan (D:6)
  3 wights (D:9)
  2 howler monkeys (D:7)
  3 centaur zombies
  A bullfrog zombie (D:7)
  6 lava snakes (Volcano)
  3 orc priests
  A centaur skeleton (D:5)
  6 hounds
  A gnoll shaman (D:7)
  A jelly (D:5)
  6 orc wizards
  Ijyb (D:4)
  A killer bee zombie (D:9)
  A hound zombie (D:5)
  A mummy (D:4)
  11 gnolls
  6 adders
  2 shadow imps
  5 dart slugs
  28 orcs
  3 bats (D:1)
  5 endoplasms
  A giant cockroach (D:3)
  15 goblins
  11 hobgoblins
  4 jackals (D:3)
  A quokka (D:1)
  5 ball pythons
  2 frilled lizards (D:3)
  45 kobolds
  4 rats
267 creatures vanquished.

Vanquished Creatures (others)
  3 fulminant prisms
  8 fungi (Lair:1)
  4 plants (Lair:1)
15 creatures vanquished.

Grand Total: 282 creatures vanquished

Notes
Turn   | Place    | Note
-------+----------+-------------------------------------------
     0 | D:1      | MacCMillion the Gargoyle Ice Elementalist began the quest
                  | for the Orb.
     0 | D:1      | Reached XP level 1. HP: 10/10 MP: 3/3
   737 | D:1      | Reached XP level 2. HP: 15/15 MP: 3/5
  1744 | D:2      | Found a faded altar of an unknown god.
  1802 | D:2      | Reached XP level 3. HP: 16/19 MP: 1/6
  1917 | D:2      | Reached skill level 5 in Ice Magic
  2085 | D:2      | Learned a level 3 spell: Frozen Ramparts
  2448 | D:2      | Reached XP level 4. HP: 24/24 MP: 2/7
  2604 | D:2      | Found a faded altar of an unknown god.
  3390 | D:3      | Reached skill level 6 in Ice Magic
  3746 | D:3      | Found Faysaesi's Antique Weapon Boutique.
  3753 | D:3      | Found a blossoming altar of Fedhas.
  4030 | D:4      | Noticed a lemure
  4031 | D:4      | Noticed a lemure
  4031 | D:4      | Noticed a lemure
  4041 | D:4      | Noticed Pikel
  4045 | D:4      | Noticed a lemure
  4052 | D:4      | HP: 1/24 [lemure[Pikel] (4)]
  4159 | D:3      | Killed a lemure
  4466 | D:4      | Noticed Ijyb
  4476 | D:4      | Killed Ijyb
  4477 | D:4      | Reached XP level 5. HP: 24/28 MP: 1/8
  4548 | D:4      | Killed a lemure
  4552 | D:4      | Killed Pikel
  4553 | D:4      | Reached skill level 7 in Ice Magic
  4553 | D:4      | Reached skill level 5 in Fighting
  4553 | D:4      | Reached skill level 1 in Armour
  4553 | D:4      | Reached XP level 6. HP: 22/40 MP: 2/9
  4553 | D:4      | Reached XP level 7. HP: 25/44 MP: 2/10
  4556 | D:4      | Learned a level 2 spell: Searing Ray
  4933 | D:4      | Reached skill level 1 in Conjurations
  5034 | D:4      | Reached XP level 8. HP: 46/49 MP: 8/11
  5157 | D:4      | Found a radiant altar of Vehumet.
  5169 | D:4      | Became a worshipper of Vehumet
  5412 | D:5      | Entered Level 5 of the Dungeon
  5412 | D:5      | Noticed Grinder
  5930 | D:5      | Reached skill level 5 in Armour
  6120 | D:5      | Noticed Eustachio
  6134 | D:5      | Killed Eustachio
  6135 | D:5      | Reached skill level 5 in Conjurations
  6579 | D:5      | Found a hazy altar of Hepliaklqana.
  6580 | D:5      | Found a basalt altar of Yredelemnul.
  6685 | D:5      | Found a white marble altar of Elyvilon.
  7052 | D:6      | Noticed Maggie
  7662 | D:6      | Noticed Prince Ribbit
  7698 | D:6      | Reached XP level 9. HP: 23/54 MP: 3/12
  7698 | D:6      | Killed Prince Ribbit
  7699 | D:6      | Reached skill level 8 in Ice Magic
  7873 | D:6      | Noticed Sigmund
  7898 | D:6      | Reached * piety under Vehumet
  7898 | D:6      | Offered knowledge of Sandblast by Vehumet.
  8165 | D:6      | Found an opulent altar of Gozag.
  8447 | D:6      | Noticed Duvessa
  8448 | D:6      | Noticed Dowan
  8466 | D:6      | Killed Duvessa
  8481 | D:6      | Killed Dowan
  8482 | D:6      | Reached skill level 9 in Ice Magic
  8698 | D:6      | Killed Sigmund
  8699 | D:6      | Reached skill level 1 in Hexes
  8851 | D:7      | Learned a level 2 spell: Ensorcelled Hibernation
  9126 | D:7      | Offered knowledge of Shock by Vehumet.
  9129 | D:7      | Reached ** piety under Vehumet
  9351 | D:7      | Found a glowing golden altar of the Shining One.
 10025 | D:8      | Noticed a troll
 10032 | D:8      | Killed a troll
 10033 | D:8      | Reached XP level 10. HP: 45/59 MP: 6/14
 10626 | D:8      | Reached skill level 5 in Hexes
 10855 | D:9      | Found a staircase to the Lair.
 10905 | D:9      | Found a flagged portal.
 10950 | D:9      | Offered knowledge of Static Discharge by Vehumet.
 10952 | Bailey   | Entered a bailey
 11009 | Bailey   | Reached *** piety under Vehumet
 11173 | Bailey   | Reached skill level 10 in Ice Magic
 11212 | Bailey   | Noticed an orc knight
 11371 | Bailey   | Learned a level 4 spell: Fulminant Prism
 11376 | Bailey   | Offered knowledge of Airstrike by Vehumet.
 11813 | Bailey   | Killed an orc knight
 12193 | D:9      | Found a broken altar of Ashenzari.
 12340 | D:9      | Reached skill level 11 in Ice Magic
 12463 | D:9      | Reached skill level 1 in Evocations
 12493 | D:9      | Found a staircase to the Orcish Mines.
 13101 | Lair:1   | Entered Level 1 of the Lair of Beasts
 13101 | Lair:1   | Noticed an eight-headed hydra
 13124 | Lair:1   | Killed an eight-headed hydra
 13125 | Lair:1   | Reached skill level 5 in Evocations
 13125 | Lair:1   | Reached XP level 11. HP: 60/63 MP: 6/16
 13284 | Lair:1   | Reached **** piety under Vehumet
 13713 | Lair:1   | Offered knowledge of Mephitic Cloud by Vehumet.
 13846 | Lair:1   | Reached skill level 5 in Spellcasting
 13972 | Lair:1   | Noticed a four-headed hydra
 13993 | Lair:1   | Killed a four-headed hydra
 14555 | Lair:2   | Found a dark tunnel.
 14564 | Volcano  | Entered a volcano
 14596 | Volcano  | Learned a level 4 spell: Hailstorm
 15197 | Volcano  | Reached skill level 10 in Conjurations
 15242 | Volcano  | Noticed a fire crab
 15381 | Volcano  | Killed a fire crab
 15382 | Volcano  | Reached XP level 12. HP: 28/69 MP: 11/19
 15576 | Volcano  | Found a bloodstained altar of Trog.
 15590 | Volcano  | Noticed a hell hog
 15603 | Volcano  | Killed from afar by a hell hog

Illustrated notes

Levels and vault maps discovered:
D:1:      amcnicky_arrival_wind_blow, layout_basic, serial_rivers,
          chequers_serial_rivers_marsh, chequers_serial_rivers_micro_d,
          chequers_serial_rivers_large_a, chequers_serial_rivers_micro_c,
          chequers_serial_rivers_room_a
D:2:      layout_rooms, basic_ecumenical_altar, chequers_serial_rivers_small_a
D:3:      layout_basic, mainiacjoe_overflow_tiny_flanked, serial_shops, shop,
          moated_statue
D:4:      layout_basic, mainiacjoe_overflow_concentric_impassable,
          gup_ossuary_entry_pyramid, uniq_ijyb, uniq_pikel
D:5:      layout_rooms, gammafunk_temple_overflow_claw,
          gammafunk_temple_overflow_statue, kennysheep_little_box,
          lemuel_temple_firewalk_a, small_statue_intersection,
          corexii_item_surrounded_by_moat, uniq_grinder, uniq_eustachio
D:6:      layout_basic, grunt_gozag_statues, uniq_prince_ribbit1, uniq_sigmund,
          uniq_duvessa, uniq_maggie
D:7:      layout_loops_ring, nicolae_overflow_crystal_walls
D:8:      layout_basic
D:9:      layout_basic, mainiacjoe_overflow_surrounded_room, lair_entry_dummy,
          david_orc_3, enter_bailey_4
Lair:1:   layout_regular_city, chequers_serial_rivers_micro_e
Lair:2:   layout_roguey, palyth_hydra_swamp_entry, enter_volcano_1,
          beast_lair_carwin_5, lemuel_fruit_tree
Volcano:  volcano_grotto [vgs_statue_spotlight]

Skill      XL: |  1  2  3  4  5  6  7  8  9 10 11 |
---------------+----------------------------------+-----
Ice Magic      | 5 6 7 9 11 | 11.6
Fighting       | 5 |  5.7
Armour         | 1 4 5 |  5.4
Conjurations   | 2 6 7 10 | 10.3
Hexes          | 4 5 |  5.0
Spellcasting   | 3 5 |  5.0
Evocations     | 5 |  5.0
Dodging        | 2 |  2.2
Stealth        | |  2.2

Action                   |  1- 3 |  4- 6 |  7- 9 | 10-12 || total
-------------------------+-------+-------+-------+-------++-------
Melee: Unarmed           |    12 |       |       |       ||    12
       Dagger            |     2 |     8 |    37 |    37 ||    84
       Whip              |     3 |     4 |       |       ||     7
 Cast: Freeze            |    46 |    43 |    84 |    87 ||   260
       Frozen Ramparts   |     2 |     3 |    20 |    35 ||    60
       Searing Ray       |       |       |    27 |    44 ||    71
       Ensorcelled Hiber |       |       |     1 |       ||     1
       Fulminant Prism   |       |       |       |     3 ||     3
       Hailstorm         |       |       |       |    10 ||    10
Evoke: Wand              |       |       |     1 |       ||     1
  Use: Scroll            |       |     3 |     4 |     2 ||     9
       Potion            |       |       |       |     3 ||     3
 Stab: Sleeping          |     3 |     5 |     4 |       ||    12
Armor: Robe              |    26 |    13 |    55 |       ||    94
       Leather armour    |       |       |    25 |    81 ||   106
Dodge: Dodged            |    47 |    27 |   131 |   172 ||   377

Table legend: (Time is in decaauts)
 A = Elapsed time spent in this place.
 B = Non-inter-level travel time spent in this place.
 C = Inter-level travel time spent in this place.
 D = Time resting spent in this place.
 E = Time spent auto-exploring this place.
 F = Levels seen in this place.
 G = Mean time per level.
                   A        B        C        D        E       F      G
               +--------+--------+--------+--------+--------+-----+--------+
         Total |  15623 |  15120 |    503 |   2781 |   9164 |  13 | 1201.8 |
       Dungeon |  11996 |  11513 |    483 |   1672 |   7641 |   9 | 1332.9 |
          Lair |   1462 |   1442 |     20 |      0 |   1157 |   2 |  731.0 |
        Bailey |   1126 |   1126 |      0 |    588 |    101 |   1 | 1126.0 |
       Volcano |   1037 |   1037 |      0 |    521 |    265 |   1 | 1037.0 |
               +--------+--------+--------+--------+--------+-----+--------+

Top non-repeatable levels by time:
     D:4: 1829 daAuts
     D:1: 1756 daAuts
     D:3: 1612 daAuts
  Lair:1: 1339 daAuts
     D:7: 1333 daAuts
     D:6: 1267 daAuts
     D:2: 1245 daAuts
  Bailey: 1126 daAuts
     D:9: 1119 daAuts
     D:5: 1056 daAuts
 Volcano: 1037 daAuts
     D:8: 775 daAuts
  Lair:2: 122 daAuts
